WCHLSIM.com - West Coast Hockey League
html PUBLIC "-//W3C//DTD XHTML 1.0 Transitional//EN" "http://www.w3.org/TR/xhtml1/DTD/xhtml1-transitional.dtd"> WCHL - Game 446 - CALGARY FIREMEN vs EDMONTON ICE

CALGARY FIREMEN vs EDMONTON ICE

Created - 15 janvier 2021 at 23:15

Goals
1 2 3 T
CALGARY FIREMEN 0 1 1 2
EDMONTON ICE 1 2 1 4
Shots
1 2 3 T
CALGARY FIREMEN 12 12 11 35
EDMONTON ICE 8 9 12 29

1st period

1. EDMONTON ICE , Joel Eriksson Ek 5 (Boone Jenner 6, Ondrej Kase 8) at 8:56

Penalties :
No Penalty

2nd period

2. EDMONTON ICE , Ryan O'Reilly 14 (Jaden Schwartz 17) at 2:38
3. EDMONTON ICE , Ryan Graves 5 (Anthony Mantha 22, Ryan O'Reilly 29) at 15:01 (PP)
4. CALGARY FIREMEN , Oskar Lindblom 8 (Sami Vatanen 12, Ryan Johansen 25) at 16:18

Penalties :
Brent Seabrook (CGY) for Hooking (Minor) at 2:45, Jake McCabe (CGY) for Hooking (Minor) at 13:21, Anthony Mantha (EDM) for Hooking (Minor) at 18:56

3rd period

5. CALGARY FIREMEN , Ryan Johansen 10 (Sami Vatanen 13, Oskar Lindblom 9) at 4:50 (PP)
6. EDMONTON ICE , Anthony Mantha 21 (Ryan O'Reilly 30, Jaden Schwartz 18) at 5:06

Penalties :
Jeff Petry (EDM) for Hooking (Minor) at 4:08, Shea Theodore (EDM) for Slashing (Minor) at 12:10

Goalie Stats

Jonathan Bernier (CGY), 25 saves from 29 shots - (0,862), L, 6-6-1, 60:00 minutes
Philipp Grubauer (EDM), 33 saves from 35 shots - (0,943), W, 15-4-2, 60:00 minutes

Players Stats for CALGARY FIREMEN

Player Name              G  A  P  +/- PIM S  H  SB GA TA FO     MP     PP MP  PK MP  
------------------------------------------------------------------------------------
Adam Henrique            0  0  0  -1  0   10 0  0  0  0  9/21   20:42   2:23   0:00 
Andy Greene              0  0  0  -2  0   1  4  2  0  0  0/0    17:11   0:00   0:37 
Anthony Peluso           0  0  0  -2  0   0  0  0  0  0  0/0     7:03   0:00   1:54 
Brendan Gallagher        0  0  0   1  0   1  1  1  0  0  0/2    19:06   2:17   0:00 
Brent Seabrook           0  0  0   1  2   0  2  0  0  0  0/0    21:33   2:12   0:44 
Brett Howden             0  0  0  -2  0   0  0  0  0  0  4/7     6:54   0:00   1:45 
Darren Raddysh           0  0  0   0  0   0  1  0  0  0  0/0     0:56   0:00   0:00 
Filip Forsberg           0  0  0   0  0   5  2  0  0  0  1/2    16:59   2:23   0:00 
Frans Nielsen            0  0  0  -1  0   1  0  0  0  0  6/20   17:01   0:00   1:54 
Jake McCabe              0  0  0  -2  2   1  1  2  0  0  0/0    21:07   2:28   0:00 
Joakim Nygard            0  0  0  -1  0   0  0  0  0  0  1/2    16:52   0:00   1:45 
Jonathon Merrill         0  0  0  -1  0   2  0  0  0  0  0/0    20:37   2:28   1:40 
Markus Nutivaara         0  0  0  -1  0   0  0  1  0  0  0/0    18:28   0:00   1:59 
Oskar Lindblom           1  1  2   0  0   6  0  0  0  0  0/1    20:32   2:17   0:00 
Ryan Johansen            1  1  2   1  0   3  0  0  0  0  11/18  19:06   2:17   0:00 
Sami Vatanen             0  2  2   1  0   1  1  1  0  0  0/0    20:06   2:12   2:18 
Sonny Milano             0  0  0  -1  0   3  0  0  0  0  0/0    15:07   0:00   0:00 
Viktor Arvidsson         0  0  0   0  0   1  0  0  0  0  0/2    16:59   2:23   0:00 

Players Stats for EDMONTON ICE

Player Name              G  A  P  +/- PIM S  H  SB GA TA FO     MP     PP MP  PK MP  
------------------------------------------------------------------------------------
Anthony Mantha           1  1  2   1  2   5  4  0  0  0  0/0    19:33   1:36   0:00 
Boone Jenner             0  1  1   1  0   2  1  0  0  0  14/19  15:37   0:00   2:52 
Brendan Perlini          0  0  0   0  0   0  0  0  0  0  0/0     0:35   0:00   0:35 
Calvin De Haan           0  0  0   1  0   0  3  3  0  0  0/0    15:58   0:00   2:49 
Colton Parayko           0  0  0   0  0   0  0  1  0  0  0/0    23:20   1:35   1:51 
Ivan Barbashev           0  0  0   0  0   1  1  0  0  0  1/2     4:25   0:00   0:00 
Jack Johnson             0  0  0   2  0   1  1  1  0  0  0/0    17:29   0:00   2:26 
Jaden Schwartz           0  2  2   1  0   6  0  0  0  0  1/1    20:01   2:03   0:00 
Jeff Petry               0  0  0   1  2   1  1  0  0  0  0/0    20:41   2:04   0:00 
Joel Eriksson Ek         1  0  1   1  0   1  0  0  0  0  1/2    14:48   2:03   0:00 
Mathieu Perreault        0  0  0   0  0   0  0  0  0  0  0/1     5:38   0:00   1:13 
Mikko Koivu              0  0  0   0  0   3  0  1  0  0  16/21  17:46   0:00   1:13 
Ondrej Kase              0  1  1   1  0   0  0  0  0  0  0/1    20:02   0:00   2:52 
Patric Hornqvist         0  0  0   0  0   1  1  0  0  0  0/1    18:36   2:03   0:00 
Ryan Graves              1  0  1   0  0   1  1  1  0  0  0/0    20:33   1:35   2:14 
Ryan O'Reilly            1  2  3   1  0   5  0  0  0  0  10/25  20:09   1:36   0:35 
Shea Theodore            0  0  0   0  2   0  0  2  0  0  0/0    21:57   2:04   0:00 
Timo Meier               0  0  0   0  0   2  2  0  0  0  0/2    18:09   1:36   0:00 

3 Stars

1 - Ryan O'Reilly (EDM)
2 - Anthony Mantha (EDM)
3 - Ryan Johansen (CGY)

Power Play

CALGARY FIREMEN - 1 on 3 Attempt(s) - 33,33%
EDMONTON ICE - 1 on 2 Attempt(s) - 50,00%

Penalty Kill

CALGARY FIREMEN - 1 on 2 Attempt(s) - 50,00% - Score 0 goal in Penalty Kill
EDMONTON ICE - 2 on 3 Attempt(s) - 66,67% - Score 0 goal in Penalty Kill

Team Stat

CALGARY FIREMEN - Hits : 12 - Faceoff Wins : 32 - Blocked Shots : 7 - Penalty Minutes : 4
EDMONTON ICE - Hits : 15 - Faceoff Wins : 43 - Blocked Shots : 9 - Penalty Minutes : 6

Official

Referees : Brandon Blandina and Beaudry Halkidis
Linesman : Kyle Flemington and Kelsey Mahoney

Game Notes

No Game Note

Finance

Level 1 -- Attendance: 4681 (78,02%) -- Ticket Income 889 390 $
Level 2 -- Attendance: 4532 (90,64%) -- Ticket Income 566 500 $
Level 3 -- Attendance: 1933 (96,65%) -- Ticket Income 193 300 $
Level 4 -- Attendance: 4039 (67,32%) -- Ticket Income 262 535 $
Luxury Box -- Attendance: 864 (86,40%) -- Ticket Income 293 760 $
Total Attendance: 16049 (80,25%)
Total Ticket Income: 2 205 485 $
Other Expense: 22 055 $
Total Income: 2 183 430 $

CALGARY FIREMEN

5 vs 5 Forward 
   Center                   Left Wing                Right Wing               Time % Phy DF OF 
 1 Adam Henrique            Viktor Arvidsson         Filip Forsberg           32     0   1  4  
 2 Ryan Johansen            Oskar Lindblom           Brendan Gallagher        30     0   1  4  
 3 Frans Nielsen            Joakim Nygard            Sonny Milano             25     0   3  2  
 4 Brett Howden             Adam Henrique            Anthony Peluso           13     0   4  1  

5 vs 5 Defense 
   Defense                  Defense                                           Time % Phy DF OF 
 1 Brent Seabrook           Sami Vatanen                                      32     0   2  3  
 2 Andy Greene              Jake McCabe                                       30     0   3  2  
 3 Markus Nutivaara         Jonathon Merrill                                  25     0   4  1  
 4 Jake McCabe              Brent Seabrook                                    13     0   4  1  

PowerPlay Forward 
   Center                   Left Wing                Right Wing               Time % Phy DF OF 
 1 Adam Henrique            Viktor Arvidsson         Filip Forsberg           50     1   0  4  
 2 Ryan Johansen            Oskar Lindblom           Brendan Gallagher        50     1   0  4  

PowerPlay Defense
   Defense                  Defense                                           Time % Phy DF OF 
 1 Brent Seabrook           Sami Vatanen                                      50     0   1  4  
 2 Jonathon Merrill         Jake McCabe                                       50     0   1  4  

Penalty Kill 4 Players Forward 
   Center                   Wing                     Time % Phy DF OF 
 1 Frans Nielsen            Anthony Peluso           50     0   5  0  
 2 Brett Howden             Joakim Nygard            50     0   5  0  

Penalty Kill 4 Players Defense
   Defense                  Defense                  Time % Phy DF OF 
 1 Sami Vatanen             Markus Nutivaara         50     0   5  0  
 2 Brent Seabrook           Jonathon Merrill         50     0   5  0  

Penalty Kill - 3 Players Forward 
   Forward                                           Time % Phy DF OF 
 1 Filip Forsberg                                    50     0   5  0  
 2 Adam Henrique                                     50     0   5  0  

Penalty Kill - 3 Players Defense
   Defense                  Defense                  Time % Phy DF OF 
 1 Markus Nutivaara         Sami Vatanen             50     0   5  0  
 2 Brent Seabrook           Jonathon Merrill         50     0   5  0  

4 vs 4 Forward 
   Center                   Wing                     Time % Phy DF OF 
 1 Ryan Johansen            Filip Forsberg           50     0   1  4  
 2 Adam Henrique            Brendan Gallagher        50     0   1  4  

4 vs 4 Defense
   Defense                  Defense                  Time % Phy DF OF 
 1 Sami Vatanen             Markus Nutivaara         50     0   2  3  
 2 Brent Seabrook           Jonathon Merrill         50     0   2  3  

Last Minutes Offensive
   Center                   Left Wing                Right Wing               Defense                  Defense                  
   Adam Henrique            Filip Forsberg           Brendan Gallagher        Brent Seabrook           Sami Vatanen             

Last Minutes Defensive
   Center                   Left Wing                Right Wing               Defense                  Defense                  
   Adam Henrique            Filip Forsberg           Brendan Gallagher        Sami Vatanen             Brent Seabrook           

Goaltenders
Starting : Jonathan Bernier         
Backup : Antti Raanta             

Extra Forwards
Normal : Viktor Arvidsson, Filip Forsberg, Brendan Gallagher - PP : Viktor Arvidsson, Adam Henrique - PK : Brendan Gallagher
Extra Defensemen
Normal : Jonathon Merrill, Markus Nutivaara, Brent Seabrook - PP : Markus Nutivaara - PK : Sami Vatanen, Brent Seabrook
Penalty Shots
Viktor Arvidsson, Filip Forsberg, Adam Henrique, Brendan Gallagher, Ryan Johansen
Custom OT Lines Forwards
Viktor Arvidsson, Filip Forsberg, Adam Henrique, Brendan Gallagher, Ryan Johansen, Oskar Lindblom, Joakim Nygard, Frans Nielsen, Sonny Milano, Brett Howden
Custom OT Lines Defensemen
Jonathon Merrill, Sami Vatanen, Markus Nutivaara, Jake McCabe, Brent Seabrook

Scratches
Alex Broadhurst (Torn Left Knee Ligaments Injury), Yakov Trenin (Upper Body Injury)

EDMONTON ICE

5 vs 5 Forward 
   Center                   Left Wing                Right Wing               Time % Phy DF OF 
 1 Ryan O'Reilly            Jaden Schwartz           Anthony Mantha           37     0   2  3  
 2 Mikko Koivu              Timo Meier               Patric Hornqvist         34     0   2  3  
 3 Boone Jenner             Joel Eriksson Ek         Ondrej Kase              23     1   2  2  
 4 Ivan Barbashev           Mathieu Perreault        Ondrej Kase              6      0   4  1  

5 vs 5 Defense 
   Defense                  Defense                                           Time % Phy DF OF 
 1 Jeff Petry               Ryan Graves                                       37     1   2  2  
 2 Shea Theodore            Colton Parayko                                    33     1   2  2  
 3 Jack Johnson             Calvin De Haan                                    23     0   4  1  
 4 Jack Johnson             Jeff Petry                                        7      0   3  2  

PowerPlay Forward 
   Center                   Left Wing                Right Wing               Time % Phy DF OF 
 1 Ryan O'Reilly            Timo Meier               Anthony Mantha           55     0   1  4  
 2 Joel Eriksson Ek         Jaden Schwartz           Patric Hornqvist         45     0   1  4  

PowerPlay Defense
   Defense                  Defense                                           Time % Phy DF OF 
 1 Jeff Petry               Shea Theodore                                     55     0   1  4  
 2 Ryan Graves              Colton Parayko                                    45     0   1  4  

Penalty Kill 4 Players Forward 
   Center                   Wing                     Time % Phy DF OF 
 1 Boone Jenner             Ondrej Kase              57     1   3  1  
 2 Mikko Koivu              Mathieu Perreault        43     1   3  1  

Penalty Kill 4 Players Defense
   Defense                  Defense                  Time % Phy DF OF 
 1 Calvin De Haan           Ryan Graves              57     0   3  2  
 2 Jack Johnson             Colton Parayko           43     0   3  2  

Penalty Kill - 3 Players Forward 
   Forward                                           Time % Phy DF OF 
 1 Boone Jenner                                      55     0   4  1  
 2 Mikko Koivu                                       45     0   4  1  

Penalty Kill - 3 Players Defense
   Defense                  Defense                  Time % Phy DF OF 
 1 Calvin De Haan           Ryan Graves              55     0   4  1  
 2 Jack Johnson             Jeff Petry               45     0   4  1  

4 vs 4 Forward 
   Center                   Wing                     Time % Phy DF OF 
 1 Ryan O'Reilly            Timo Meier               55     1   2  2  
 2 Mikko Koivu              Jaden Schwartz           45     1   2  2  

4 vs 4 Defense
   Defense                  Defense                  Time % Phy DF OF 
 1 Jeff Petry               Colton Parayko           55     1   2  2  
 2 Jack Johnson             Calvin De Haan           45     1   2  2  

Last Minutes Offensive
   Center                   Left Wing                Right Wing               Defense                  Defense                  
   Ryan O'Reilly            Jaden Schwartz           Anthony Mantha           Jeff Petry               Shea Theodore            

Last Minutes Defensive
   Center                   Left Wing                Right Wing               Defense                  Defense                  
   Boone Jenner             Ondrej Kase              Timo Meier               Ryan Graves              Colton Parayko           

Goaltenders
Starting : Philipp Grubauer         
Backup : Jake Allen               

Extra Forwards
Normal : Timo Meier, Joel Eriksson Ek, Ondrej Kase - PP : Ondrej Kase, Mikko Koivu - PK : Ryan O'Reilly
Extra Defensemen
Normal : Shea Theodore, Colton Parayko, Jeff Petry - PP : Jack Johnson - PK : Shea Theodore, Ryan Graves
Penalty Shots
Ryan O'Reilly, Anthony Mantha, Jaden Schwartz, Timo Meier, Patric Hornqvist
Custom OT Lines Forwards
Ryan O'Reilly, Anthony Mantha, Jaden Schwartz, Timo Meier, Joel Eriksson Ek, Ondrej Kase, Mikko Koivu, Boone Jenner, Patric Hornqvist, Ivan Barbashev
Custom OT Lines Defensemen
Jeff Petry, Ryan Graves, Colton Parayko, Shea Theodore, Calvin De Haan

Scratches
None


% Time on Ice - CALGARY FIREMEN

Lines # - Real PCT - Wanted PCT - Time Play
Normal Forward
1 - 28% - 32% - 14:36
2 - 33% - 30% - 16:49
3 - 29% - 25% - 15:07
4 - 10% - 13% - 5:09
Normal Defense
1 - 30% - 32% - 15:36
2 - 32% - 30% - 16:34
3 - 32% - 25% - 16:29
4 - 6% - 13% - 3:02
PP Forward
1 - 51% - 50% - 2:23
2 - 49% - 50% - 2:17
PP Defense
1 - 47% - 50% - 2:12
2 - 53% - 50% - 2:28
PK Forward
1 - 52% - 50% - 1:54
2 - 48% - 50% - 1:45
PK Defense
1 - 54% - 50% - 1:59
2 - 46% - 50% - 1:40
PK3 Forward
1 - 0% - 50%
2 - 0% - 50%
PK3 Defense
1 - 0% - 50%
2 - 0% - 50%
44 Forward
1 - 0% - 50%
2 - 0% - 50%
44 Defense
1 - 0% - 50%
2 - 0% - 50%
Last Minute Offensive  - 0:00
Last Minute Defensive  - 0:00
Total
Forward - 60:00
Defense - 60:00

% Time on Ice - EDMONTON ICE

Lines # - Real PCT - Wanted PCT - Time Play
Normal Forward
1 - 35% - 37% - 17:58
2 - 32% - 34% - 16:33
3 - 25% - 23% - 12:45
4 - 9% - 6% - 4:25
Normal Defense
1 - 32% - 37% - 16:44
2 - 39% - 33% - 19:54
3 - 25% - 23% - 13:09
4 - 4% - 7% - 1:54
PP Forward
1 - 44% - 55% - 1:36
2 - 56% - 45% - 2:03
PP Defense
1 - 57% - 55% - 2:04
2 - 43% - 45% - 1:35
PK Forward
1 - 74% - 57% - 3:27
2 - 26% - 43% - 1:13
PK Defense
1 - 48% - 57% - 2:14
2 - 52% - 43% - 2:26
PK3 Forward
1 - 0% - 55%
2 - 0% - 45%
PK3 Defense
1 - 0% - 55%
2 - 0% - 45%
44 Forward
1 - 0% - 55%
2 - 0% - 45%
44 Defense
1 - 0% - 55%
2 - 0% - 45%
Last Minute Offensive  - 0:00
Last Minute Defensive  - 0:00
Total
Forward - 60:00
Defense - 60:00

Play-by-Play

1st period


0:01 of 1st period - Ryan O'Reilly wins face-off versus Adam Henrique in neutral zone.
0:30 of 1st period - Icing by Brent Seabrook.
0:31 of 1st period - Mikko Koivu wins face-off versus Adam Henrique in CALGARY FIREMEN zone.
1:19 of 1st period - Shot by Ryan Johansen.
1:19 of 1st period - Stopped by Philipp Grubauer with a rebound.
1:21 of 1st period - Shot by Brendan Gallagher.
1:21 of 1st period - Shot Misses the Net.
2:01 of 1st period - Icing by Colton Parayko.
2:02 of 1st period - Mikko Koivu wins face-off versus Frans Nielsen in EDMONTON ICE zone.
3:28 of 1st period - Jonathon Merrill is hit by Anthony Mantha and loses puck.
4:15 of 1st period - Shot by Ivan Barbashev.
4:15 of 1st period - Shot Misses the Net.
4:17 of 1st period - Shot by Ondrej Kase.
4:17 of 1st period - Shot Misses the Net.
4:19 of 1st period - Shot by Ondrej Kase.
4:19 of 1st period - Shot Misses the Net.
4:21 of 1st period - Shot by Ivan Barbashev.
4:21 of 1st period - Stopped by Jonathan Bernier without a rebound.
4:22 of 1st period - Brett Howden wins face-off versus Boone Jenner in CALGARY FIREMEN zone.
4:29 of 1st period - Shot by Jake McCabe.
4:29 of 1st period - Shot Blocked by Shea Theodore.
4:31 of 1st period - Shot by Adam Henrique.
4:31 of 1st period - Stopped by Philipp Grubauer without a rebound.
4:32 of 1st period - Adam Henrique wins face-off versus Patric Hornqvist in EDMONTON ICE zone.
4:53 of 1st period - Shot by Adam Henrique.
4:53 of 1st period - Stopped by Philipp Grubauer without a rebound.
4:54 of 1st period - Ryan Johansen wins face-off versus Ryan O'Reilly in EDMONTON ICE zone.
5:20 of 1st period - Shot by Ryan O'Reilly.
5:20 of 1st period - Shot Misses the Net.
5:22 of 1st period - Shot by Jeff Petry.
5:22 of 1st period - Shot Blocked by Andy Greene.
6:24 of 1st period - Shot by Boone Jenner.
6:24 of 1st period - Stopped by Jonathan Bernier without a rebound.
6:25 of 1st period - Mikko Koivu wins face-off versus Viktor Arvidsson in CALGARY FIREMEN zone.
6:36 of 1st period - Shot by Timo Meier.
6:36 of 1st period - Shot Blocked by Sami Vatanen.
7:48 of 1st period - Shot by Anthony Mantha.
7:48 of 1st period - Stopped by Jonathan Bernier with a rebound.
8:54 of 1st period - Shot by Boone Jenner.
8:54 of 1st period - Shot Misses the Net.
8:56 of 1st period - Shot by Joel Eriksson Ek.
8:56 of 1st period - Goal by Joel Eriksson Ek - CALGARY FIREMEN : 0 - EDMONTON ICE : 1.
8:57 of 1st period - Mikko Koivu wins face-off versus Frans Nielsen in neutral zone.
9:04 of 1st period - Shot by Patric Hornqvist.
9:04 of 1st period - Stopped by Jonathan Bernier without a rebound.
9:05 of 1st period - Adam Henrique wins face-off versus Mikko Koivu in CALGARY FIREMEN zone.
9:20 of 1st period - Shot by Adam Henrique.
9:20 of 1st period - Stopped by Philipp Grubauer without a rebound.
9:21 of 1st period - Frans Nielsen wins face-off versus Ryan O'Reilly in EDMONTON ICE zone.
9:26 of 1st period - Icing by Jeff Petry.
9:27 of 1st period - Adam Henrique wins face-off versus Ryan O'Reilly in EDMONTON ICE zone.
9:28 of 1st period - Shot by Filip Forsberg.
9:28 of 1st period - Stopped by Philipp Grubauer with a rebound.
9:45 of 1st period - Icing by Andy Greene.
9:46 of 1st period - Adam Henrique wins face-off versus Mathieu Perreault in CALGARY FIREMEN zone.
10:04 of 1st period - Shot by Filip Forsberg.
10:04 of 1st period - Stopped by Philipp Grubauer with a rebound.
10:06 of 1st period - Shot by Andy Greene.
10:06 of 1st period - Stopped by Philipp Grubauer without a rebound.
10:07 of 1st period - Ryan O'Reilly wins face-off versus Frans Nielsen in EDMONTON ICE zone.
10:14 of 1st period - Shot by Anthony Mantha.
10:14 of 1st period - Stopped by Jonathan Bernier without a rebound.
10:15 of 1st period - Ryan O'Reilly wins face-off versus Frans Nielsen in CALGARY FIREMEN zone.
10:43 of 1st period - Icing by Sami Vatanen.
10:44 of 1st period - Joakim Nygard wins face-off versus Mikko Koivu in CALGARY FIREMEN zone.
11:00 of 1st period - Shot by Timo Meier.
11:00 of 1st period - Shot Hit the Post.
11:02 of 1st period - Shot by Mikko Koivu.
11:02 of 1st period - Shot Misses the Net.
11:58 of 1st period - Shot by Brendan Gallagher.
11:58 of 1st period - Stopped by Philipp Grubauer without a rebound.
11:59 of 1st period - Ryan O'Reilly wins face-off versus Adam Henrique in EDMONTON ICE zone.
12:10 of 1st period - Shot by Adam Henrique.
12:10 of 1st period - Shot Blocked by Calvin De Haan.
12:34 of 1st period - Shot by Anthony Mantha.
12:34 of 1st period - Shot Misses the Net.
12:36 of 1st period - Shot by Ryan O'Reilly.
12:36 of 1st period - Stopped by Jonathan Bernier without a rebound.
12:37 of 1st period - Boone Jenner wins face-off versus Ryan Johansen in CALGARY FIREMEN zone.
12:55 of 1st period - Joel Eriksson Ek is hit by Andy Greene and loses puck.
13:11 of 1st period - Ryan Graves is hit by Andy Greene and loses puck.
13:47 of 1st period - Off-side.
13:48 of 1st period - Adam Henrique wins face-off versus Ryan O'Reilly in neutral zone.
14:21 of 1st period - Shot by Filip Forsberg.
14:21 of 1st period - Stopped by Philipp Grubauer without a rebound.
14:22 of 1st period - Mikko Koivu wins face-off versus Frans Nielsen in EDMONTON ICE zone.
14:32 of 1st period - Icing by Joakim Nygard.
14:33 of 1st period - Frans Nielsen wins face-off versus Ondrej Kase in CALGARY FIREMEN zone.
14:33 of 1st period - Joakim Nygard is hit by Ivan Barbashev and loses puck.
16:26 of 1st period - Shot by Oskar Lindblom.
16:26 of 1st period - Shot Misses the Net.
16:28 of 1st period - Shot by Brent Seabrook.
16:28 of 1st period - Shot Misses the Net.
16:30 of 1st period - Shot by Jake McCabe.
16:30 of 1st period - Shot Blocked by Colton Parayko.
16:58 of 1st period - Shot by Filip Forsberg.
16:58 of 1st period - Deflect By Adam Henrique.
16:58 of 1st period - Stopped by Philipp Grubauer without a rebound.
16:59 of 1st period - Brett Howden wins face-off versus Ryan O'Reilly in EDMONTON ICE zone.
16:59 of 1st period - Adam Henrique is hit by Jack Johnson and loses puck.
17:06 of 1st period - Brett Howden is hit by Anthony Mantha and loses puck.
17:17 of 1st period - Shot by Ryan O'Reilly.
17:17 of 1st period - Deflect By Jaden Schwartz.
17:17 of 1st period - Stopped by Jonathan Bernier without a rebound.
17:18 of 1st period - Adam Henrique wins face-off versus Boone Jenner in CALGARY FIREMEN zone.
18:14 of 1st period - Icing by Ryan Graves.
18:15 of 1st period - Boone Jenner wins face-off versus Joakim Nygard in EDMONTON ICE zone.
18:35 of 1st period - Frans Nielsen is hit by Calvin De Haan and loses puck.
18:41 of 1st period - Sonny Milano is hit by Calvin De Haan and loses puck.
18:44 of 1st period - Shot by Sonny Milano.
18:44 of 1st period - Stopped by Philipp Grubauer with a rebound.
18:48 of 1st period - Shot by Joakim Nygard.
18:48 of 1st period - Shot Misses the Net.
18:50 of 1st period - Shot by Sami Vatanen.
18:50 of 1st period - Shot Blocked by Calvin De Haan.
18:52 of 1st period - Shot by Frans Nielsen.
18:52 of 1st period - Stopped by Philipp Grubauer without a rebound.
18:53 of 1st period - Mikko Koivu wins face-off versus Oskar Lindblom in EDMONTON ICE zone.
19:31 of 1st period - Shot by Mikko Koivu.
19:31 of 1st period - Shot Misses the Net.
Goals for this period are 0 for CALGARY FIREMEN vs 1 for EDMONTON ICE.
Shots for this period are 12 for CALGARY FIREMEN vs 8 for EDMONTON ICE.

2nd period


0:01 of 2nd period - Adam Henrique wins face-off versus Ryan O'Reilly in neutral zone.
0:17 of 2nd period - Shot by Ryan O'Reilly.
0:17 of 2nd period - Stopped by Jonathan Bernier without a rebound.
0:18 of 2nd period - Ryan Johansen wins face-off versus Boone Jenner in CALGARY FIREMEN zone.
0:32 of 2nd period - Off-side.
0:33 of 2nd period - Adam Henrique wins face-off versus Ryan O'Reilly in neutral zone.
0:56 of 2nd period - Shot by Adam Henrique.
0:56 of 2nd period - Shot Misses the Net.
0:58 of 2nd period - Shot by Filip Forsberg.
0:58 of 2nd period - Stopped by Philipp Grubauer without a rebound.
0:59 of 2nd period - Ryan Johansen wins face-off versus Mikko Koivu in EDMONTON ICE zone.
1:22 of 2nd period - Shot by Oskar Lindblom.
1:22 of 2nd period - Shot Misses the Net.
2:08 of 2nd period - Shot by Adam Henrique.
2:08 of 2nd period - Stopped by Philipp Grubauer with a rebound.
2:10 of 2nd period - Shot by Sami Vatanen.
2:10 of 2nd period - Shot Blocked by Jack Johnson.
2:12 of 2nd period - Shot by Adam Henrique.
2:12 of 2nd period - Shot Misses the Net.
2:14 of 2nd period - Shot by Adam Henrique.
2:14 of 2nd period - Stopped by Philipp Grubauer without a rebound.
2:15 of 2nd period - Ryan O'Reilly wins face-off versus Frans Nielsen in EDMONTON ICE zone.
2:20 of 2nd period - Shot by Jaden Schwartz.
2:20 of 2nd period - Stopped by Jonathan Bernier with a rebound.
2:38 of 2nd period - Shot by Ryan O'Reilly.
2:38 of 2nd period - Goal by Ryan O'Reilly - CALGARY FIREMEN : 0 - EDMONTON ICE : 2.
2:39 of 2nd period - Boone Jenner wins face-off versus Brett Howden in neutral zone.
2:45 of 2nd period - Minor Penalty to Brent Seabrook for Hooking.
2:46 of 2nd period - Frans Nielsen wins face-off versus Ryan O'Reilly in CALGARY FIREMEN zone.
2:46 of 2nd period - Frans Nielsen is hit by Timo Meier.
4:02 of 2nd period - Icing by Ryan Graves.
4:03 of 2nd period - Joel Eriksson Ek wins face-off versus Frans Nielsen in EDMONTON ICE zone.
4:27 of 2nd period - Shot by Colton Parayko.
4:27 of 2nd period - Shot Misses the Net.
4:37 of 2nd period - Sami Vatanen is hit by Timo Meier and loses puck.
5:28 of 2nd period - Shot by Adam Henrique.
5:28 of 2nd period - Shot Misses the Net.
6:16 of 2nd period - Shot by Anthony Mantha.
6:16 of 2nd period - Stopped by Jonathan Bernier without a rebound.
6:17 of 2nd period - Mikko Koivu wins face-off versus Frans Nielsen in CALGARY FIREMEN zone.
6:18 of 2nd period - Shot by Timo Meier.
6:18 of 2nd period - Shot Misses the Net.
6:21 of 2nd period - Icing by Andy Greene.
6:22 of 2nd period - Mikko Koivu wins face-off versus Frans Nielsen in CALGARY FIREMEN zone.
6:45 of 2nd period - Frans Nielsen is hit by Ryan Graves and loses puck.
7:31 of 2nd period - Icing by Adam Henrique.
7:32 of 2nd period - Boone Jenner wins face-off versus Adam Henrique in CALGARY FIREMEN zone.
8:07 of 2nd period - Shot by Filip Forsberg.
8:07 of 2nd period - Stopped by Philipp Grubauer without a rebound.
8:08 of 2nd period - Ryan Johansen wins face-off versus Ryan O'Reilly in EDMONTON ICE zone.
8:19 of 2nd period - Shot by Brendan Gallagher.
8:19 of 2nd period - Shot Misses the Net.
8:21 of 2nd period - Shot by Jonathon Merrill.
8:21 of 2nd period - Shot Misses the Net.
8:23 of 2nd period - Shot by Brendan Gallagher.
8:23 of 2nd period - Shot Misses the Net.
8:25 of 2nd period - Shot by Jonathon Merrill.
8:25 of 2nd period - Stopped by Philipp Grubauer with a rebound.
8:27 of 2nd period - Shot by Ryan Johansen.
8:27 of 2nd period - Shot Misses the Net.
8:29 of 2nd period - Shot by Oskar Lindblom.
8:29 of 2nd period - Stopped by Philipp Grubauer with a rebound.
8:31 of 2nd period - Shot by Oskar Lindblom.
8:31 of 2nd period - Stopped by Philipp Grubauer without a rebound.
8:32 of 2nd period - Brett Howden wins face-off versus Timo Meier in EDMONTON ICE zone.
8:51 of 2nd period - Shot by Adam Henrique.
8:51 of 2nd period - Shot Blocked by Mikko Koivu.
9:28 of 2nd period - Ryan Johansen is hit by Anthony Mantha and loses puck.
9:36 of 2nd period - Shot by Jaden Schwartz.
9:36 of 2nd period - Stopped by Jonathan Bernier without a rebound.
9:37 of 2nd period - Boone Jenner wins face-off versus Frans Nielsen in CALGARY FIREMEN zone.
9:49 of 2nd period - Sonny Milano is hit by Calvin De Haan and loses puck.
10:29 of 2nd period - Icing by Jonathon Merrill.
10:30 of 2nd period - Ryan O'Reilly wins face-off versus Frans Nielsen in CALGARY FIREMEN zone.
11:51 of 2nd period - Patric Hornqvist is hit by Brent Seabrook and loses puck.
11:57 of 2nd period - Timo Meier is hit by Brent Seabrook and loses puck.
12:06 of 2nd period - Shot by Patric Hornqvist.
12:06 of 2nd period - Shot Misses the Net.
12:10 of 2nd period - Shot by Timo Meier.
12:10 of 2nd period - Stopped by Jonathan Bernier without a rebound.
12:11 of 2nd period - Boone Jenner wins face-off versus Brendan Gallagher in CALGARY FIREMEN zone.
12:20 of 2nd period - Shot by Joel Eriksson Ek.
12:20 of 2nd period - Shot Blocked by Jake McCabe.
12:40 of 2nd period - Shot by Ryan Johansen.
12:40 of 2nd period - Stopped by Philipp Grubauer without a rebound.
12:41 of 2nd period - Ryan O'Reilly wins face-off versus Brett Howden in EDMONTON ICE zone.
12:50 of 2nd period - Shot by Anthony Mantha.
12:50 of 2nd period - Stopped by Jonathan Bernier without a rebound.
12:51 of 2nd period - Ryan O'Reilly wins face-off versus Ryan Johansen in CALGARY FIREMEN zone.
13:02 of 2nd period - Shot by Jaden Schwartz.
13:02 of 2nd period - Shot Blocked by Brendan Gallagher.
13:11 of 2nd period - Anthony Mantha is hit by Jake McCabe and loses puck.
13:21 of 2nd period - Minor Penalty to Jake McCabe for Hooking.
13:22 of 2nd period - Frans Nielsen wins face-off versus Joel Eriksson Ek in CALGARY FIREMEN zone.
14:39 of 2nd period - Off-side.
14:40 of 2nd period - Frans Nielsen wins face-off versus Timo Meier in neutral zone.
14:59 of 2nd period - Shot by Anthony Mantha.
14:59 of 2nd period - Shot Misses the Net.
15:01 of 2nd period - Shot by Ryan Graves.
15:01 of 2nd period - Goal by Ryan Graves - CALGARY FIREMEN : 0 - EDMONTON ICE : 3.
15:02 of 2nd period - Filip Forsberg wins face-off versus Ivan Barbashev in neutral zone.
16:08 of 2nd period - Shot by Timo Meier.
16:08 of 2nd period - Stopped by Jonathan Bernier without a rebound.
16:09 of 2nd period - Ryan Johansen wins face-off versus Ryan O'Reilly in CALGARY FIREMEN zone.
16:18 of 2nd period - Shot by Oskar Lindblom.
16:18 of 2nd period - Goal by Oskar Lindblom - CALGARY FIREMEN : 1 - EDMONTON ICE : 3.
16:19 of 2nd period - Frans Nielsen wins face-off versus Ryan O'Reilly in neutral zone.
16:30 of 2nd period - Off-side.
16:31 of 2nd period - Ryan Johansen wins face-off versus Boone Jenner in neutral zone.
17:38 of 2nd period - Shot by Filip Forsberg.
17:38 of 2nd period - Shot Misses the Net.
17:40 of 2nd period - Shot by Jake McCabe.
17:40 of 2nd period - Stopped by Philipp Grubauer with a rebound.
17:42 of 2nd period - Shot by Adam Henrique.
17:42 of 2nd period - Stopped by Philipp Grubauer with a rebound.
18:25 of 2nd period - Shot by Sonny Milano.
18:25 of 2nd period - Stopped by Philipp Grubauer without a rebound.
18:26 of 2nd period - Ryan Johansen wins face-off versus Ryan O'Reilly in EDMONTON ICE zone.
18:56 of 2nd period - Minor Penalty to Anthony Mantha for Hooking.
18:57 of 2nd period - Adam Henrique wins face-off versus Mikko Koivu in EDMONTON ICE zone.
19:12 of 2nd period - Shot by Filip Forsberg.
19:12 of 2nd period - Shot Misses the Net.
19:14 of 2nd period - Shot by Jake McCabe.
19:14 of 2nd period - Shot Misses the Net.
Goals for this period are 1 for CALGARY FIREMEN vs 2 for EDMONTON ICE.
Shots for this period are 12 for CALGARY FIREMEN vs 9 for EDMONTON ICE.

3rd period


0:01 of 3rd period - Boone Jenner wins face-off versus Ryan Johansen in neutral zone.
0:28 of 3rd period - Shot by Sami Vatanen.
0:28 of 3rd period - Shot Misses the Net.
0:33 of 3rd period - Shot by Oskar Lindblom.
0:33 of 3rd period - Stopped by Philipp Grubauer without a rebound.
0:34 of 3rd period - Boone Jenner wins face-off versus Adam Henrique in EDMONTON ICE zone.
1:01 of 3rd period - Shot by Filip Forsberg.
1:01 of 3rd period - Deflect By Sonny Milano.
1:01 of 3rd period - Stopped by Philipp Grubauer with a rebound.
1:15 of 3rd period - Shot by Jaden Schwartz.
1:15 of 3rd period - Stopped by Jonathan Bernier with a rebound.
1:56 of 3rd period - Joakim Nygard is hit by Patric Hornqvist and loses puck.
2:17 of 3rd period - Shot by Mikko Koivu.
2:17 of 3rd period - Shot Blocked by Jake McCabe.
2:22 of 3rd period - Andy Greene is hit by Jeff Petry and loses puck.
2:32 of 3rd period - Off-side.
2:33 of 3rd period - Boone Jenner wins face-off versus Adam Henrique in neutral zone.
2:49 of 3rd period - Shot by Boone Jenner.
2:49 of 3rd period - Stopped by Jonathan Bernier without a rebound.
2:50 of 3rd period - Ryan O'Reilly wins face-off versus Ryan Johansen in CALGARY FIREMEN zone.
3:01 of 3rd period - Shot by Jaden Schwartz.
3:01 of 3rd period - Shot Blocked by Markus Nutivaara.
3:33 of 3rd period - Shot by Oskar Lindblom.
3:33 of 3rd period - Stopped by Philipp Grubauer without a rebound.
3:34 of 3rd period - Mikko Koivu wins face-off versus Adam Henrique in EDMONTON ICE zone.
3:36 of 3rd period - Icing by Timo Meier.
3:37 of 3rd period - Mikko Koivu wins face-off versus Adam Henrique in EDMONTON ICE zone.
4:08 of 3rd period - Minor Penalty to Jeff Petry for Hooking.
4:09 of 3rd period - Ryan Johansen wins face-off versus Boone Jenner in EDMONTON ICE zone.
4:10 of 3rd period - Shot by Brendan Gallagher.
4:10 of 3rd period - Shot Misses the Net.
4:12 of 3rd period - Shot by Oskar Lindblom.
4:12 of 3rd period - Shot Misses the Net.
4:14 of 3rd period - Shot by Jonathon Merrill.
4:14 of 3rd period - Stopped by Philipp Grubauer without a rebound.
4:15 of 3rd period - Boone Jenner wins face-off versus Ryan Johansen in EDMONTON ICE zone.
4:38 of 3rd period - Shot by Sami Vatanen.
4:38 of 3rd period - Shot Blocked by Calvin De Haan.
4:40 of 3rd period - Shot by Ryan Johansen.
4:40 of 3rd period - Shot Misses the Net.
4:42 of 3rd period - Shot by Oskar Lindblom.
4:42 of 3rd period - Shot Misses the Net.
4:44 of 3rd period - Shot by Sami Vatanen.
4:44 of 3rd period - Shot Blocked by Ryan Graves.
4:46 of 3rd period - Shot by Sami Vatanen.
4:46 of 3rd period - Shot Misses the Net.
4:48 of 3rd period - Shot by Sami Vatanen.
4:48 of 3rd period - Stopped by Philipp Grubauer with a rebound.
4:50 of 3rd period - Shot by Ryan Johansen.
4:50 of 3rd period - Goal by Ryan Johansen - CALGARY FIREMEN : 2 - EDMONTON ICE : 3.
4:51 of 3rd period - Jaden Schwartz wins face-off versus Brett Howden in neutral zone.
5:06 of 3rd period - Shot by Anthony Mantha.
5:06 of 3rd period - Goal by Anthony Mantha - CALGARY FIREMEN : 2 - EDMONTON ICE : 4.
5:07 of 3rd period - Mikko Koivu wins face-off versus Frans Nielsen in neutral zone.
5:31 of 3rd period - Shot by Joakim Nygard.
5:31 of 3rd period - Shot Blocked by Shea Theodore.
6:41 of 3rd period - Off-side.
6:42 of 3rd period - Boone Jenner wins face-off versus Adam Henrique in neutral zone.
7:13 of 3rd period - Shot by Adam Henrique.
7:13 of 3rd period - Stopped by Philipp Grubauer without a rebound.
7:14 of 3rd period - Ryan Johansen wins face-off versus Ryan O'Reilly in EDMONTON ICE zone.
8:27 of 3rd period - Shot by Timo Meier.
8:27 of 3rd period - Shot Misses the Net.
8:29 of 3rd period - Shot by Mikko Koivu.
8:29 of 3rd period - Shot Misses the Net.
8:31 of 3rd period - Shot by Jeff Petry.
8:31 of 3rd period - Shot Misses the Net.
8:39 of 3rd period - Shot by Patric Hornqvist.
8:39 of 3rd period - Shot Blocked by Andy Greene.
9:41 of 3rd period - Shot by Boone Jenner.
9:41 of 3rd period - Shot Misses the Net.
10:14 of 3rd period - Shot by Frans Nielsen.
10:14 of 3rd period - Shot Misses the Net.
10:22 of 3rd period - Shot by Frans Nielsen.
10:22 of 3rd period - Shot Misses the Net.
10:45 of 3rd period - Anthony Mantha is hit by Andy Greene and loses puck.
10:59 of 3rd period - Ryan O'Reilly is hit by Darren Raddysh and loses puck.
11:02 of 3rd period - Shot by Jaden Schwartz.
11:02 of 3rd period - Stopped by Jonathan Bernier without a rebound.
11:03 of 3rd period - Mikko Koivu wins face-off versus Ryan Johansen in CALGARY FIREMEN zone.
11:10 of 3rd period - Shot by Patric Hornqvist.
11:10 of 3rd period - Shot Misses the Net.
11:12 of 3rd period - Shot by Jeff Petry.
11:12 of 3rd period - Stopped by Jonathan Bernier with a rebound.
11:14 of 3rd period - Shot by Mikko Koivu.
11:14 of 3rd period - Stopped by Jonathan Bernier without a rebound.
11:15 of 3rd period - Ryan Johansen wins face-off versus Ryan O'Reilly in CALGARY FIREMEN zone.
11:15 of 3rd period - Ryan Johansen is hit by Anthony Mantha.
12:08 of 3rd period - Anthony Mantha is hit by Brendan Gallagher and loses puck.
12:10 of 3rd period - Minor Penalty to Shea Theodore for Slashing.
12:11 of 3rd period - Boone Jenner wins face-off versus Filip Forsberg in EDMONTON ICE zone.
12:40 of 3rd period - Shot by Adam Henrique.
12:40 of 3rd period - Shot Misses the Net.
12:42 of 3rd period - Shot by Jake McCabe.
12:42 of 3rd period - Shot Misses the Net.
12:44 of 3rd period - Shot by Viktor Arvidsson.
12:44 of 3rd period - Stopped by Philipp Grubauer without a rebound.
12:45 of 3rd period - Mikko Koivu wins face-off versus Brendan Gallagher in EDMONTON ICE zone.
13:38 of 3rd period - Shot by Filip Forsberg.
13:38 of 3rd period - Shot Misses the Net.
14:02 of 3rd period - Icing by Adam Henrique.
14:03 of 3rd period - Mikko Koivu wins face-off versus Adam Henrique in CALGARY FIREMEN zone.
14:32 of 3rd period - Shot by Anthony Mantha.
14:32 of 3rd period - Shot Misses the Net.
14:54 of 3rd period - Shot by Jaden Schwartz.
14:54 of 3rd period - Stopped by Jonathan Bernier without a rebound.
14:55 of 3rd period - Ryan Johansen wins face-off versus Mikko Koivu in CALGARY FIREMEN zone.
15:20 of 3rd period - Shot by Timo Meier.
15:20 of 3rd period - Shot Misses the Net.
15:22 of 3rd period - Shot by Jack Johnson.
15:22 of 3rd period - Stopped by Jonathan Bernier without a rebound.
15:23 of 3rd period - Boone Jenner wins face-off versus Viktor Arvidsson in CALGARY FIREMEN zone.
16:14 of 3rd period - Ryan Johansen is hit by Boone Jenner and loses puck.
17:02 of 3rd period - Shot by Mikko Koivu.
17:02 of 3rd period - Stopped by Jonathan Bernier with a rebound.
17:30 of 3rd period - Shot by Anthony Mantha.
17:30 of 3rd period - Shot Misses the Net.
17:32 of 3rd period - Shot by Ryan O'Reilly.
17:32 of 3rd period - Stopped by Jonathan Bernier without a rebound.
17:33 of 3rd period - Ivan Barbashev wins face-off versus Adam Henrique in CALGARY FIREMEN zone.
17:36 of 3rd period - Shot by Ivan Barbashev.
17:36 of 3rd period - Shot Misses the Net.
17:52 of 3rd period - Ondrej Kase is hit by Filip Forsberg and loses puck.
18:13 of 3rd period - Shot by Adam Henrique.
18:13 of 3rd period - Stopped by Philipp Grubauer without a rebound.
18:14 of 3rd period - Mikko Koivu wins face-off versus Frans Nielsen in EDMONTON ICE zone.
18:42 of 3rd period - Patric Hornqvist is hit by Sami Vatanen.
18:48 of 3rd period - Shot by Mikko Koivu.
18:48 of 3rd period - Stopped by Jonathan Bernier without a rebound.
18:49 of 3rd period - Brett Howden wins face-off versus Ryan O'Reilly in CALGARY FIREMEN zone.
19:10 of 3rd period - Ryan O'Reilly is hit by Andy Greene and loses puck.
19:13 of 3rd period - Shot by Ryan O'Reilly.
19:13 of 3rd period - Stopped by Jonathan Bernier without a rebound.
19:14 of 3rd period - Boone Jenner wins face-off versus Ryan Johansen in CALGARY FIREMEN zone.
19:39 of 3rd period - Shot by Brendan Gallagher.
19:39 of 3rd period - Shot Misses the Net.
19:41 of 3rd period - Shot by Oskar Lindblom.
19:41 of 3rd period - Shot Misses the Net.
19:43 of 3rd period - Shot by Oskar Lindblom.
19:43 of 3rd period - Stopped by Philipp Grubauer without a rebound.
19:44 of 3rd period - Mikko Koivu wins face-off versus Adam Henrique in EDMONTON ICE zone.
19:44 of 3rd period - Mikko Koivu is hit by Filip Forsberg.
19:58 of 3rd period - Shot by Adam Henrique.
19:58 of 3rd period - Stopped by Philipp Grubauer without a rebound.
19:59 of 3rd period - Ryan O'Reilly wins face-off versus Frans Nielsen in EDMONTON ICE zone.
Goals for this period are 1 for CALGARY FIREMEN vs 1 for EDMONTON ICE.
Shots for this period are 11 for CALGARY FIREMEN vs 12 for EDMONTON ICE.


SEBASTIAN
AHO
MARK
SCHEIFELE
JAKE
OETTINGER

EAST COAST

HOCKEY LEAGUE

  • 17.QUE3CHI2
  • 18.CHA2LIM4
  • 19.TRV3LON2
  • 20.CHW1BAL2
  • 21.PITMAN
  • 22.ATLNHW
  • 23.WORPET
  • 24.RHI